 Dungeon Crawl Stone Soup version 0.27-a0-1202-ge72e49191c (webtiles) character file.

Game seed: 15795552245634014304

347 robertstho the Chiller (level 6, 0/44 HPs)
             Began as a Gnoll Ice Elementalist on June 3, 2021.
             Asphyxiated
             ... on level 4 of the Dungeon.
             The game lasted 00:10:41 (3734 turns).

robertstho the Chiller (Gnoll Ice Elementalist)     Turns: 3734, Time: 00:10:42

Health: 0/44       AC:  5    Str:  7    XL:     6   Next: 59%
Magic:  7/14       EV: 13    Int: 17    God:
Gold:   114        SH:  0    Dex: 12    Spells: 4/15 levels left

rFire    x . .     SeeInvis .   g - +2 dagger (flame)
rCold    + . .     Faith    .   (no shield)
rNeg     . . .     Spirit   .   m - +1 robe {Will+}
rPois    .         Reflect  .   h - +0 helmet
rElec    .         Harm     .   l - +0 cloak
rCorr    .         Rampage  .   (no gloves)
Will     +....                  (no boots)
Stlth    +++.......             (no amulet)
HPRegen  0.14/turn              b - ring of ice
MPRegen  0.14/turn              (no ring)

@: lethally poisoned (0 -> -30), slowed, very slow
A: fangs 1, strong nose, distributed training
a: no special abilities


You were on level 4 of the Dungeon.
You visited 1 branch of the dungeon, and saw 4 of its levels.

You collected 114 gold pieces.

Inventory:

Hand Weapons
 c - a +0 short sword of protection
 d - a +2 longbow of flaming
 g - a +2 dagger of flaming (weapon)
Armour
 h - a +0 helmet (worn)
 l - a +0 cloak (worn)
 m - a +1 robe of willpower (worn)
Jewellery
 b - a ring of ice (left hand)
Scrolls
 e - a scroll of vulnerability {unknown}
 k - a scroll of fog {unknown}
Potions
 f - a potion of curing {unknown}
 i - a potion of brilliance {unknown}
 j - a potion of heal wounds {unknown}


   Skills:
 + Level 2.0 Fighting
 + Level 2.0 Short Blades
 + Level 2.0 Long Blades
 + Level 2.0 Axes
 + Level 2.0 Maces & Flails
 + Level 2.0 Polearms
 + Level 2.0 Staves
 + Level 2.0 Slings
 + Level 2.0 Bows
 + Level 2.0 Crossbows
 + Level 2.0 Throwing
 + Level 2.0 Armour
 + Level 5.0 Dodging
 + Level 4.6 Stealth
 + Level 2.0 Shields
 + Level 2.0 Unarmed Combat
 + Level 5.4 Spellcasting
 + Level 1.6 Conjurations
 + Level 1.6 Hexes
 + Level 1.6 Summonings
 + Level 1.6 Necromancy
 + Level 1.6 Translocations
 + Level 1.6 Transmutations
 + Level 1.6 Fire Magic
 + Level 7.3 Ice Magic
 + Level 1.6 Air Magic
 + Level 1.6 Earth Magic
 + Level 1.6 Poison Magic
 + Level 2.2 Invocations
 + Level 2.0 Evocations


You had 4 spell levels left.
You knew the following spells:

 Your Spells              Type           Power      Damage    Failure   Level
a - Freeze                Ice            100%       1d11      1%          1
b - Frozen Ramparts       Ice            88%        1d10      1%          3
c - Ozocubu's Armour      Ice            44%        N/A       1%          3
d - Hailstorm             Conj/Ice       29%        3d8       22%         4

Your spell library contained the following spells:

 Spells                   Type           Power      Damage    Failure   Level
 Ensorcelled Hibernation  Hex/Ice        58%        N/A       3%          2
 Corona                   Hex            11%        N/A       7%          1
 Magic Dart               Conj           40%        1d5       7%          1
 Searing Ray              Conj           20%        3d3       11%         2
 Confusing Touch          Hex            10%        N/A       22%         3
 Dazzling Flash           Conj/Hex       20%        N/A       22%         3
 Gell's Gravitas          Tloc           5%         N/A       22%         3
 Tukima's Dance           Hex            10%        N/A       22%         3
 Fulminant Prism          Conj/Hex       5%         3d7       56%         4
 Iskenderun's Mystic Bla  Conj/Tloc      10%        2d4       56%         4
 Petrify                  Tmut/Erth      10%        N/A       56%         4
 Metabolic Englaciation   Hex/Ice        14%        N/A       52%         5
 Yara's Violent Unravell  Hex/Tmut       5%         3d4       89%         5


Dungeon Overview and Level Annotations

Branches:
Dungeon (4/15)
 Temple: D:4-7

Altars:
Nemelex Xobeh

Shops:
D:1 ?   D:2 [

Annotations:
D:2 126 boots


Innate Abilities, Weirdness & Mutations

You have very sharp teeth.
Your uncanny sense of smell can sniff out nearby items.
Your experience applies equally to all skills.


Message History

t - Bark!
Orders for allies: a - Attack new target. r - Retreat! s - Stop attacking. g - Guard the area. f - Follow me.
Anything else - Cancel.
You bark for attention!
You feel very sick.
The kobold brigand throws a curare-tipped dart.
The curare-tipped dart misses you. What are your orders? t - Bark!
Orders for allies: a - Attack new target. r - Retreat! s - Stop attacking. g - Guard the area. f - Follow me.
Anything else - Cancel.
You bark for attention!
You feel very sick.
You feel sick.
The kobold brigand throws a curare-tipped dart.
The curare-tipped dart closely misses you.
Things that are here:
an iguana corpse; a black bear corpse
Casting: Frozen Ramparts (safe; 1% risk of failure)
Confirm with . or Enter, or press ? or * to list all spells.
The spell is quite dangerous to cast (22% risk of failure)!
Continue anyway?
Casting: Hailstorm (quite dangerous; 22% risk of failure)
Press: ? - help, Dir - look around, f - activate
Okay, then.
You feel sick.
The kobold brigand throws a curare-tipped dart.
The curare-tipped dart hits you.
You are more poisoned.
You have difficulty breathing.
* * * LOW HITPOINT WARNING * * *
You feel as though you will be slow longer.
The kobold brigand throws a curare-tipped dart.
The curare-tipped dart hits you.
You are more poisoned.
You have difficulty breathing.
You die...

#.......w....## ....#
#.............# ...#.
.##......!.....####
.....
..#...............##.
....#
.....................
.....
......##.............
.....
.......#...##†.......
.....
.......#...†#........
.....
........K..@†........
.##..
.............###.......
##.. ......##....##
.....##... ......
#.[..#### .....##...
..... #...##..#
#.....##... ..#.
####.....###.........[ <
∆
##........#............
##...................##.
#.......................


You could see a kobold brigand.

Vanquished Creatures
  A black bear (D:4)
  Crazy Yiuf (D:2)
  A bullfrog skeleton (D:4)
  An iguana (D:4)
  Robin (D:2)
  A gnoll (D:1)
  5 adders
  4 worms
  A dart slug (D:1)
  3 bats
  6 endoplasms
  3 giant cockroaches (D:2)
  23 goblins
  12 hobgoblins
  5 jackals
  3 quokkas
  10 ball pythons
  3 frilled lizards
  5 kobolds
  6 rats
95 creatures vanquished.

Vanquished Creatures (others)
  5 plants (D:1)
5 creatures vanquished.

Grand Total: 100 creatures vanquished

Notes
Turn   | Place    | Note
-------+----------+-------------------------------------------
     0 | D:1      | robertstho the Gnoll Ice Elementalist began the quest for
                  | the Orb.
     0 | D:1      | Reached XP level 1. HP: 13/13 MP: 6/6
   146 | D:1      | Reached XP level 2. HP: 14/19 MP: 5/7
   166 | D:1      | Found a faded altar of an unknown god.
   435 | D:1      | Reached XP level 3. HP: 16/25 MP: 3/9
   436 | D:1      | Reached skill level 5 in Spellcasting
   620 | D:1      | Found Yppiuh's Magic Scroll Shop.
   893 | D:1      | Reached skill level 1 in Invocations
  1088 | D:2      | Learned a level 3 spell: Frozen Ramparts
  1092 | D:2      | Learned a level 3 spell: Ozocubu's Armour
  1100 | D:2      | Reached skill level 1 in Fighting
  1100 | D:2      | Reached skill level 1 in Short Blades
  1100 | D:2      | Reached skill level 1 in Long Blades
  1100 | D:2      | Reached skill level 1 in Axes
  1100 | D:2      | Reached skill level 1 in Maces & Flails
  1100 | D:2      | Reached skill level 1 in Polearms
  1100 | D:2      | Reached skill level 1 in Staves
  1100 | D:2      | Reached skill level 1 in Slings
  1100 | D:2      | Reached skill level 1 in Bows
  1100 | D:2      | Reached skill level 1 in Crossbows
  1100 | D:2      | Reached skill level 1 in Throwing
  1100 | D:2      | Reached skill level 1 in Armour
  1100 | D:2      | Reached skill level 1 in Shields
  1100 | D:2      | Reached skill level 1 in Unarmed Combat
  1100 | D:2      | Reached skill level 1 in Evocations
  1119 | D:2      | Reached XP level 4. HP: 26/32 MP: 4/11
  1551 | D:2      | Noticed Robin
  1557 | D:2      | Reached skill level 1 in Conjurations
  1557 | D:2      | Reached skill level 1 in Hexes
  1557 | D:2      | Reached skill level 1 in Summonings
  1557 | D:2      | Reached skill level 1 in Necromancy
  1557 | D:2      | Reached skill level 1 in Translocations
  1557 | D:2      | Reached skill level 1 in Transmutations
  1557 | D:2      | Reached skill level 1 in Fire Magic
  1557 | D:2      | Reached skill level 1 in Air Magic
  1557 | D:2      | Reached skill level 1 in Earth Magic
  1557 | D:2      | Reached skill level 1 in Poison Magic
  1557 | D:2      | Killed Robin
  1648 | D:2      | Reached XP level 5. HP: 35/37 MP: 8/12
  1668 | D:2      | Learned a level 4 spell: Hailstorm
  1765 | D:2      | Found Jianlul's Armour Emporium.
  1809 | D:2      | Found a sparkling altar of Nemelex Xobeh.
  1983 | D:2      | Found a runed translucent door.
  1984 | D:2      | Noticed Crazy Yiuf
  2078 | D:2      | Killed Crazy Yiuf
  3469 | D:3      | Identified a scroll of acquirement
  3469 | D:3      | Acquired a +2 longbow of flaming
  3682 | D:4      | Noticed a black bear
  3689 | D:4      | Reached XP level 6. HP: 39/44 MP: 7/13
  3694 | D:4      | Killed a black bear
  3695 | D:4      | Reached skill level 5 in Dodging
  3734 | D:4      | Asphyxiated

Illustrated notes

Levels and vault maps discovered:
D:1:      ncdulo_smallfort, layout_loops_ring, ebering_ecumenical_altar_box,
          serial_shops, shop_scrolls, hangedman_decor_points,
          serial_bayou_ford_a
D:2:      cheibrodos_greedy_goblins, layout_rooms, basic_altar, serial_shops,
          shop, uniq_crazy_yiuf_cottage, uniq_robin
D:3:      layout_basic
D:4:      layout_cave_pools

Skill      XL: |  1  2  3  4  5  6 |
---------------+-------------------+-----
Spellcasting   | 5 |  5.4
Invocations    | 1 2 |  2.2
Fighting       | 1 2 |  2.0
Short Blades   | 1 2 |  2.0
Long Blades    | 1 2 |  2.0
Axes           | 1 2 |  2.0
Maces & Flails | 1 2 |  2.0
Polearms       | 1 2 |  2.0
Staves         | 1 2 |  2.0
Slings         | 1 2 |  2.0
Bows           | 1 2 |  2.0
Crossbows      | 1 2 |  2.0
Throwing       | 1 2 |  2.0
Armour         | 1 2 |  2.0
Shields        | 1 2 |  2.0
Unarmed Combat | 1 2 |  2.0
Evocations     | 1 2 |  2.0
Conjurations   | 1 |  1.6
Hexes          | 1 |  1.6
Summonings     | 1 |  1.6
Necromancy     | 1 |  1.6
Translocations | 1 |  1.6
Transmutations | 1 |  1.6
Fire Magic     | 1 |  1.6
Air Magic      | 1 |  1.6
Earth Magic    | 1 |  1.6
Poison Magic   | 1 |  1.6
Dodging        | 5 |  5.0
Stealth        | |  4.6
Ice Magic      | |  7.3

Action                   |  1- 3 |  4- 6 || total
-------------------------+-------+-------++-------
Melee: Short sword       |    28 |     7 ||    35
       Bite              |     4 |     2 ||     6
       Unarmed           |     1 |       ||     1
       Dagger            |       |    30 ||    30
 Cast: Freeze            |    29 |    11 ||    40
       Frozen Ramparts   |     1 |    31 ||    32
       Ozocubu's Armour  |       |     2 ||     2
  Use: Scroll            |     1 |     6 ||     7
 Stab: Sleeping          |     5 |     1 ||     6
       Distracted        |     1 |       ||     1
Armor: Robe              |     7 |    13 ||    20
Dodge: Dodged            |    30 |    25 ||    55

Table legend: (Time is in decaauts)
 A = Elapsed time spent in this place.
 B = Non-inter-level travel time spent in this place.
 C = Inter-level travel time spent in this place.
 D = Time resting spent in this place.
 E = Time spent auto-exploring this place.
 F = Levels seen in this place.
 G = Mean time per level.
                   A        B        C        D        E       F      G
               +--------+--------+--------+--------+--------+-----+--------+
         Total |   3750 |   3661 |     89 |    220 |   2832 |   4 |  937.5 |
       Dungeon |   3750 |   3661 |     89 |    220 |   2832 |   4 |  937.5 |
               +--------+--------+--------+--------+--------+-----+--------+

Top non-repeatable levels by time:
     D:3: 1261 daAuts
     D:1: 1249 daAuts
     D:2: 1001 daAuts
     D:4: 238 daAuts
